 Dungeon Crawl Stone Soup version 0.25-a0-699-g25a338df49 (webtiles) character file.

Game seed: 12897346172134939653, levelgen mode: deterministic

6148 Hastur the Fighter (level 10, -8/95 (97) HPs)
             Began as a Ghoul Monk on Apr 2, 2020.
             Was a High Priest of Okawaru.
             Mangled by a large slime creature (35 damage)
             ... on level 13 of the Dungeon.
             The game lasted 00:26:16 (8758 turns).

Hastur the Fighter (Ghoul Monk)                     Turns: 8758, Time: 00:26:17

HP:   -8/95 (97)    AC: 12    Str: 22    XL:     10   Next: 90%
MP:   13/13         EV: 26    Int:  5    God:    Okawaru [*****.]
Gold: 550           SH:  0    Dex: 11    Spells: 9/9 levels left

rFire    + + .     SeeInvis .     - Unarmed
rCold    + + .     Gourm    .   (no shield)
rNeg     + + +     Faith    .   P - +0 plate armour
rPois    ∞         Spirit   .   u - +1 helmet of Lightning Storm {Regen+ Str+3}
rElec    .         Reflect  .   I - scarf {rC+ rF+}
rCorr    .         Harm     .   (no gloves)
MR       .....                  (no boots)
Stlth    ..........             p - amulet of the acrobat
HPRegen  0.00/turn              d - ring of protection from fire
MPRegen  0.13/turn              D - +4 ring of evasion

@: about to teleport, acrobat, rotting
A: rotting body, claws 1, carnivore, cold resistance 1, negative energy
resistance 3, inhibited regeneration, torment resistance, unbreathing
a: Heroism, Finesse, Renounce Religion


You were on level 13 of the Dungeon.
You worshipped Okawaru.
Okawaru was extremely pleased with you.
You were very hungry.

You visited 2 branches of the dungeon, and saw 13 of its levels.

You collected 550 gold pieces.

Inventory:

Hand Weapons
 a - a +2 short sword of venom
 j - a +2 dagger of electrocution
 K - a +0 hunting sling
Missiles
 f - 115 sling bullets
 h - 333 stones
 m - 11 boomerangs
 r - 6 datura-tipped darts
 C - 18 poisoned darts (quivered)
 F - 3 atropa-tipped darts
 T - 4 javelins
Armour
 u - the +1 helmet of Lightning Storm (worn) {Regen+ Str+3}
   (You found it on level 4 of the Dungeon)

   It affects your strength (+3).
   It increases your rate of regeneration.
 w - a +2 helmet
 x - the +1 ring mail "Voitrute" {rN+}
   (You took it off a goblin on level 4 of the Dungeon)

   It protects you from negative energy.
 E - a +0 pair of gloves
 I - a scarf of resistance (worn)
 P - a +0 plate armour (worn)
Jewellery
 d - a ring of protection from fire (left claw)
 p - an amulet of the acrobat (around neck)
 t - a +3 ring of protection
 B - an uncursed ring of resist corrosion
 D - a +4 ring of evasion (right claw)
Wands
 q - a wand of enslavement (26)
 J - a wand of polymorph (8)
 M - a wand of random effects (21)
 N - a wand of acid (14)
Scrolls
 c - 6 scrolls of identify
 e - 2 scrolls of fog {unknown}
 g - 10 scrolls of remove curse
 l - 3 scrolls of magic mapping {unknown}
 o - 2 scrolls of fear
 y - 4 scrolls of teleportation
 G - a scroll of enchant armour {unknown}
 H - a scroll of amnesia {unknown}
 O - a scroll of noise {unknown}
 Q - a scroll of blinking {unknown}
Potions
 i - 6 potions of curing
 k - 2 potions of magic
 n - 3 potions of heal wounds
 s - 4 potions of flight
 v - a potion of degeneration {unknown}
 z - 2 potions of haste
 A - 2 potions of cancellation
 L - a potion of resistance
 R - a potion of brilliance {unknown}
 S - a potion of might {unknown}
Comestibles
 b - 18 rations


   Skills:
 - Level 12.0 Fighting
 - Level 2.6 Dodging
 - Level 2.1 Stealth
 + Level 12.0 Unarmed Combat
 + Level 5.3 Invocations


You had 9 spell levels left.
You didn't know any spells.
Your spell library contained the following spells:

 Spells                   Type           Power        Failure   Level  Hunger
 Magic Dart               Conj           #...         100%        1    ##.....
 Searing Ray              Conj           #.....       100%        2    ###....
 Dazzling Flash           Conj/Hex       #.....       100%        3    ####...
 Fulminant Prism          Conj/Hex       #.........   100%        4    #####..
 Iskenderun's Mystic Bla  Conj/Tloc      #.......     100%        4    #####..


Dungeon Overview and Level Annotations

Branches:
Dungeon (11/15)            Temple (1/1) D:6
   Lair: D:8-11         Orc: D:9-12

Altars:
Ashenzari
Cheibriados
Dithmenos
Elyvilon
Fedhas
Gozag
Hepliaklqana
Kikubaaqudgha
Makhleb
Nemelex Xobeh
Okawaru
Qazlal
Ru
Sif Muna
Trog
Uskayaw
Vehumet
Wu Jian
Xom
Yredelemnul
Zin
The Shining One

Shops:
D:7 %   D:8 [(

Annotations:
D:3 3 runed translucent doors, waddelsworth's ghost, amateur GrEE
D:8 1 runed translucent door, daweed's ghost, novice MiBe


Innate Abilities, Weirdness & Mutations

Your body is rotting away.
You thrive on raw meat.
You are immune to poison.
You have sharp fingernails.
You are carnivorous and can eat meat at any time.
Your flesh is cold resistant. (rC+)
You are immune to negative energy. (rN+++)
You do not regenerate when monsters are visible.
You are immune to unholy pain and torment.
You can survive without breathing.


Message History

Magic restored.
You start resting.
A six-headed hydra comes into view.
A slime creature comes into view.
The slime creature quivers.
Found 24 gold pieces.
A slime creature comes into view.
The slime creature quivers.
Two slime creatures merge to form a large slime creature.
A slime creature and an efreet come into view.
The efreet is wielding a +4 scimitar of flaming.
Found 19 gold pieces and 17 stones.
The six-headed hydra roars!
As you read the scroll of teleportation, it crumbles to dust.
You feel strangely unstable. The large slime creature hits you!!
The efreet gestures at you. The bolt of fire hits you. You resist.
* * * LOW HITPOINT WARNING * * *
The large slime creature hits you!!
You die...

.#.....###
.D.....(.#
.......#.##
.......#..# .#
.......##.# .
......###.# .
.....#....# .#
..........#####.#
....##...D.@....##.#
.#....##..JR.$.....
$###. ####J#####. ##
#.○.# #☼#... .☼
##..( #.. ...# #..
.## ... #


You could see a six-headed hydra, a large slime creature, a slime creature and
an efreet.

Vanquished Creatures
  Pikel (D:7)
  A cyclops (D:13)
  Joseph (D:7)
  Maggie (D:9)
  Prince Ribbit (D:9)
  A hippogriff (D:9)
  Sigmund (D:3)
  A hungry ghost (D:11)
  Menkaure (D:4)
  Duvessa (D:4)
  A water moccasin (D:8)
  3 orc warriors
  A slave (D:7)
  2 black bears
  2 ogres
  A phantom (D:7)
  2 necrophages (D:7)
  5 centaurs
  3 big kobolds
  7 bullfrogs
  Blork the orc (D:4)
  Dowan (D:4)
  2 scorpions
  7 wights
  A howler monkey (D:6)
  4 crimson imps
  2 bullfrog zombies
  4 hounds
  6 jellies
  A centaur skeleton (D:6)
  2 orc priests
  10 orc wizards
  Ijyb (D:4)
  An iguana (D:6)
  7 worker ants
  A killer bee zombie (D:6)
  2 hound skeletons
  Robin (D:4)
  A worker ant zombie (D:10)
  8 adders
  6 oozes
  2 worms
  A dart slug (D:1)
  2 leopard geckos
  34 orcs
  6 bats
  5 giant cockroaches
  12 goblins
  8 hobgoblins
  5 jackals
  5 quokkas
  A ball python (D:3)
  4 frilled lizards
  A jackal skeleton (D:5)
  12 kobolds
  2 quokka skeletons
  6 rats
212 creatures vanquished.

Vanquished Creatures (collateral kills)
  A centaur (D:7)
1 creature vanquished.

Vanquished Creatures (others)
  3 slaves (D:7)
  A human (D:6)
  A jelly (D:7)
  An orc wizard (D:7)
  An adder zombie (D:7)
  An orc (D:7)
  A fungus (D:8)
  3 plants (D:8)
12 creatures vanquished.

Grand Total: 225 creatures vanquished

Notes
Turn   | Place    | Note
-------+----------+-------------------------------------------
     0 | D:1      | Hastur the Ghoul Monk began the quest for the Orb.
     0 | D:1      | Reached XP level 1. HP: 19/19 MP: 0/0
   114 | D:1      | Reached XP level 2. HP: 23/26 MP: 1/1
   696 | D:2      | Found a shimmering altar of Xom,
   696 | D:2      | Found a hazy altar of Hepliaklqana,
   702 | D:2      | Found an ornate altar of the Wu Jian Council,
   704 | D:2      | Found a faded altar of an unknown god,
   706 | D:2      | Found a basalt altar of Yredelemnul,
   927 | D:2      | Reached XP level 3. HP: 24/33 MP: 2/2
  1410 | D:3      | Found a runed translucent gate,
  1423 | D:3      | Reached XP level 4. HP: 40/41 MP: 3/3
  1434 | D:3      | Found a runed translucent gate,
  1434 | D:3      | Found a runed translucent gate,
  1436 | D:3      | Found an opulent altar of Gozag,
  1437 | D:3      | Noticed an ogre
  1508 | D:3      | Noticed Sigmund
  1539 | D:3      | Killed Sigmund
  1539 | D:3      | Reached skill level 5 in Fighting
  1539 | D:3      | Reached skill level 5 in Unarmed Combat
  1539 | D:3      | Reached XP level 5. HP: 27/48 MP: 4/4
  1539 | D:3      | Reached XP level 6. HP: 31/56 MP: 5/5
  1891 | D:3      | Noticed waddelsworth's ghost (amateur GrEE)
  2695 | D:4      | Noticed Ijyb
  2712 | D:4      | Killed Ijyb
  2937 | D:4      | Noticed Duvessa
  2937 | D:4      | Noticed Dowan
  2968 | D:4      | Killed Duvessa
  2968 | D:4      | Reached XP level 7. HP: 50/64 MP: 6/6
  2974 | D:4      | Killed Dowan
  3115 | D:4      | Noticed Robin
  3117 | D:4      | Identified the +1 ring mail "Voitrute" {rN+}
  3135 | D:4      | Killed Robin
  3335 | D:4      | Noticed Blork the orc
  3366 | D:4      | Killed Blork the orc
  3774 | D:4      | Reached XP level 8. HP: 61/73 MP: 7/7
  3780 | D:4      | Got an ichor-stained helmet
  3786 | D:4      | Identified the +1 helmet of Lightning Storm {Regen+ Str+3}
                  | (You found it on level 4 of the Dungeon)
  3850 | D:5      | Entered Level 5 of the Dungeon
  3850 | D:5      | Noticed Menkaure
  3890 | D:4      | Killed Menkaure
  3991 | D:5      | Found a blossoming altar of Fedhas,
  4726 | D:6      | Found a staircase to the Ecumenical Temple,
  4738 | Temple   | Entered the Ecumenical Temple
  4933 | Temple   | Became a worshipper of Warmaster Okawaru
  4933 | Temple   | Reached * piety under Okawaru
  4933 | Temple   | Reached ** piety under Okawaru
  4958 | D:6      | Found an ancient bone altar of Kikubaaqudgha,
  5138 | D:6      | Reached XP level 9. HP: 83/83 MP: 8/8
  5315 | D:7      | Noticed Pikel
  5461 | D:7      | Found Firosat's Food Shoppe,
  5575 | D:7      | Killed Pikel
  5575 | D:7      | Reached *** piety under Okawaru
  5575 | D:7      | Reached skill level 10 in Fighting
  5575 | D:7      | Reached skill level 10 in Unarmed Combat
  5612 | D:7      | Noticed Joseph
  5623 | D:7      | Killed Joseph
  6121 | D:7      | Reached **** piety under Okawaru
  6417 | D:8      | Reached skill level 1 in Invocations
  6417 | D:8      | Reached XP level 10. HP: 73/95 MP: 9/9
  6718 | D:8      | Found Cumehod's Armour Emporium,
  6917 | D:8      | Found a runed translucent door,
  6929 | D:8      | Found Aleuxit's Antique Weapon Shop,
  6987 | D:8      | Noticed daweed's ghost (novice MiBe)
  6988 | D:8      | Identified the cursed +1 spear "Yluaff" {vorpal, rElec
                  | rPois Int+4 Dex+2}
  7201 | D:9      | Noticed Prince Ribbit
  7216 | D:9      | Killed Prince Ribbit
  7566 | D:9      | You fall into a shaft and drop 2 floors!
  7746 | D:10     | Entered Level 10 of the Dungeon
  7933 | D:9      | Noticed Maggie
  7952 | D:9      | Killed Maggie
  8266 | D:10     | Reached ***** piety under Okawaru
  8336 | D:10     | Found a radiant altar of Vehumet,
  8440 | D:9      | Reached skill level 5 in Invocations
  8663 | D:10     | You fall into a shaft and drop 3 floors!
  8668 | D:13     | Noticed a cyclops
  8690 | D:13     | Killed a cyclops
  8746 | D:13     | Noticed a six-headed hydra
  8758 | D:13     | Mangled by a large slime creature

Levels and vault maps discovered:
D:1:      heliophobic_arrival_ceremonial_halls, layout_loops_ring
D:2:      layout_rooms, chequers_temple_overflow_minitemple, first_ration
D:3:      layout_basic, ebering_ghost_gozag, uniq_sigmund
D:4:      minmay_chambers_of_fours, layout_rooms, uniq_ijyb, uniq_blork_the_orc,
          uniq_duvessa, uniq_robin
D:5:      layout_rooms, fedhas_altar_2, uniq_menkaure
D:6:      layout_rooms, minmay_temple_entry_wispy, tgw_kikubaaqudgha
D:7:      layout_gridville, serial_shops, nicolae_shop_waterfront, uniq_joseph,
          uniq_pikel
D:8:      layout_loops_ring, serial_shops, shop, kennysheep_mini,
          ebering_ghost_funeral_grove, hangedman_little_slice_of_home
D:9:      layout_irregular_city, uniq_prince_ribbit1, uniq_maggie
D:10:     layout_irregular_city, basic_altar
D:11:     layout_basic, lair_entry_dummy
D:13:     layout_rooms
Temple:   eino_narrow_crystal_temple

Skill      XL: |  1  2  3  4  5  6  7  8  9 10 |
---------------+-------------------------------+-----
Unarmed Combat | 4 5 6 7 9 11 12 | 12.0
Fighting       | 4 5 6 7 9 11 12 | 12.0
Invocations    | 1 5 |  5.3
Dodging        | |  2.6
Stealth        | |  2.1

Action                   |  1- 3 |  4- 6 |  7- 9 | 10-12 || total
-------------------------+-------+-------+-------+-------++-------
Melee: Unarmed           |    98 |   129 |   277 |   230 ||   734
       Punch             |     3 |     2 |    16 |    12 ||    33
       Short sword       |       |       |    32 |    14 ||    46
Throw: Boomerang         |       |     6 |       |       ||     6
       Dart              |       |       |     5 |       ||     5
Evoke: Wand              |       |       |     1 |       ||     1
  Use: Scroll            |       |       |     4 |     9 ||    13
 Stab: Sleeping          |     1 |       |       |       ||     1
  Eat: Chunk             |     8 |    12 |    11 |     6 ||    37
Armor: Robe              |    12 |       |       |       ||    12
       Chain mail        |    10 |    51 |   129 |     4 ||   194
       Plate armour      |       |       |       |    74 ||    74
Dodge: Dodged            |    49 |    37 |   124 |   105 ||   315

Table legend:
 A = Non-vault XP
 B = Vault XP
 C = Vault XP percentage of total XP
 D = Non-vault monster count
 E = Vault monster count
 F = Vault count percentage of total count
                 A         B        C        D         E       F
            +---------+---------+-------+---------+---------+-------
      Total |    6029 |    2754 |  31.4 |     180 |      32 |  15.1
            +---------+---------+-------+---------+---------+-------
        D:1 |      17 |       0 |   0.0 |      10 |       0 |   0.0
        D:2 |      20 |       0 |   0.0 |      10 |       0 |   0.0
        D:3 |     262 |     242 |  48.0 |      33 |       3 |   8.3
        D:4 |      46 |     795 |  94.5 |       6 |      17 |  73.9
        D:5 |     468 |       0 |   0.0 |      12 |       0 |   0.0
        D:6 |     708 |       0 |   0.0 |      23 |       0 |   0.0
        D:7 |    1079 |     866 |  44.5 |      22 |       2 |   8.3
        D:8 |    1146 |     159 |  12.2 |      24 |       8 |  25.0
        D:9 |     671 |     692 |  50.8 |       8 |       2 |  20.0
       D:10 |     616 |       0 |   0.0 |      21 |       0 |   0.0
       D:11 |     493 |       0 |   0.0 |      10 |       0 |   0.0
       D:13 |     503 |       0 |   0.0 |       1 |       0 |   0.0
            +---------+---------+-------+---------+---------+-------
